Map: Ice and Chrome LE

Players

Probe

  • Race: Protoss Protoss
  • League: Master
  • Spawn Location: 1:00

LiquidClem (Clem) - Winner!

  • Race: Terran Terran
  • League: Bronze
  • Spawn Location: 7:00

Event: DreamHack SC2 Masters 2020 Fall

VOD

Have the link to the VOD?

Description

Time

  • Played on: Sept. 17, 2020, 11:26 a.m.
  • Length: 7:46

All games in this series

Show
View Real Time Build Order
Export as new Build Order

Probe Protoss 

Build Orders: 1 Gate Expand, Colossus Rush 

Get SALT Encoding   

  12  0:00  Probe  
  13  0:12  Probe  
  14  0:17  Pylon  
  14  0:24  Probe (Chrono Boost)  
  15  0:36  Gateway  
  15  0:37  Probe (Chrono Boost)  
  16  0:44  Probe (Chrono Boost)  
  16  0:46  Assimilator  
  17  0:51  Probe  
  18  1:03  Probe  
  19  1:15  Probe  
  20  1:24  Cybernetics Core  
  20  1:31  Nexus  
  20  1:36  Probe  
  21  1:42  Pylon  
  21  1:48  Probe  
  21  1:51  Assimilator  
  22  1:58  Adept (Chrono Boost)  
  22  2:00  Probe  
  25  2:05  Warp Gate  
  25  2:11  Shield Battery  
  25  2:12  Probe  
  25  2:18  Stalker (Chrono Boost)  
  27  2:25  Probe  
  28  2:38  Probe  
  28  2:40  Stalker  
  28  2:43  Probe  
  32  2:50  Robotics Facility  
  32  2:51  Probe  
  33  2:55  Probe  
  34  3:03  Probe  
  35  3:08  Probe  
  36  3:15  Probe  
  36  3:18  Gateway  
  37  3:20  Probe  
  37  3:22  Pylon  
  38  3:27  Probe  
  38  3:32  Probe  
  40  3:38  Observer (Chrono Boost)  
  42  3:41  Robotics Bay  
  42  3:42  Probe (Chrono Boost)  
  42  3:44  Probe (Chrono Boost), Pylon  
  43  3:51  Observer (Chrono Boost)  
  43  3:53  Probe (Chrono Boost)  
  43  3:55  Probe (Chrono Boost)  
  46  3:58  Assimilator, Probe (Chrono Boost)  
  46  3:59  Assimilator  
  47  4:02  Shield Battery  
  47  4:03  Probe, Stalker  
  50  4:10  Warp Prism (Chrono Boost), Probe  
  50  4:16  Probe  
  54  4:22  Probe  
  54  4:23  Pylon  
  55  4:30  Gravitic Drive  
  55  4:35  Probe  
  55  4:36  Colossus (Chrono Boost), Pylon  
  56  4:42  Probe  
  63  4:47  Probe  
  63  4:54  Probe  
  63  4:55  Twilight Council, Forge  
  63  4:57  Pylon  
  63  4:58  Sentry  
  66  5:04  Probe  
  67  5:13  Pylon  
  67  5:14  Pylon  
  67  5:19  Protoss Ground Weapons Level 1  
  67  5:20  Colossus (Chrono Boost)  
  73  5:28  Zealot, Stalker  
  77  5:33  Blink  
  77  5:34  Gateway  
  77  5:36  Gateway  
  77  6:02  Zealot x2  
  81  6:06  Colossus  
  87  6:12  Pylon  
  87  6:13  Nexus  
  87  6:15  Pylon  
  87  6:32  Gateway  
  87  6:33  Gateway, Pylon  
  87  6:44  Zealot  
  87  6:45  Zealot x3  
  87  6:46  Probe x2  
  97  6:48  Pylon  
  97  6:49  Colossus  
  101  7:07  Probe x2  
  103  7:16  Zealot x4  
  103  7:19  Probe x2  
  96  7:30  Zealot x2  
  68  7:37  Zealot x4  
  68  7:41  Zealot x4  
Show
View Real Time Build Order
Export as new Build Order

LiquidClem Terran - Winner!

Build Orders: Reaper Expand 

Get SALT Encoding   

  12  0:00  SCV  
  13  0:12  SCV  
  14  0:17  Supply Depot  
  14  0:24  SCV  
  15  0:38  SCV  
  15  0:40  Barracks  
  16  0:44  Refinery  
  16  0:51  SCV  
  17  1:03  SCV  
  18  1:15  SCV  
  19  1:27  Orbital Command, Reaper  
  20  1:42  Command Center  
  20  1:53  SCV  
  21  1:56  Supply Depot  
  21  1:59  Marine  
  22  2:05  SCV  
  23  2:10  Factory  
  23  2:18  SCV  
  23  2:21  Marine  
  23  2:22  Bunker  
  25  2:27  Refinery  
  25  2:30  SCV  
  26  2:41  Barracks Reactor  
  26  2:42  SCV  
  27  2:54  SCV  
  27  2:55  Orbital Command  
  28  2:58  Starport  
  28  3:01  Hellion  
  30  3:06  SCV  
  31  3:18  SCV, Marine x2  
  34  3:21  SCV  
  34  3:23  Factory Tech Lab  
  35  3:30  SCV  
  35  3:33  SCV  
  37  3:36  Marine x2  
  38  3:43  SCV  
  38  3:45  Raven, SCV, Supply Depot  
  38  3:46  Factory Tech Lab  
  42  3:53  Barracks  
  42  3:54  Barracks  
  42  3:55  SCV  
  43  3:56  Marine x2  
  43  3:57  SCV  
  46  4:02  Engineering Bay  
  46  4:06  Siege Tank  
  46  4:08  SCV  
  50  4:15  SCV, Supply Depot  
  51  4:18  Refinery  
  51  4:21  Marine x2  
  53  4:25  SCV  
  54  4:31  Terran Infantry Weapons Level 1  
  54  4:33  Supply Depot  
  54  4:36  SCV  
  54  4:37  SCV  
  56  4:39  Marine x2  
  58  4:47  Factory Tech Lab  
  58  4:49  Marauder, SCV  
  58  4:52  Stimpack  
  61  4:55  Marauder  
  61  4:57  SCV, Supply Depot  
  61  4:59  Marine x2  
  66  5:01  SCV  
  66  5:05  Starport Reactor  
  67  5:09  SCV  
  67  5:10  Supply Depot  
  67  5:11  Marauder  
  67  5:12  Refinery  
  70  5:16  Combat Shield  
  70  5:18  Marine x2  
  70  5:19  Marauder, SCV  
  75  5:21  Supply Depot  
  75  5:23  SCV  
  76  5:29  Supply Depot  
  76  5:32  Siege Tank  
  76  5:34  Marauder  
  81  5:36  SCV x2  
  81  5:37  Marine  
  81  5:38  Marine  
  85  5:43  Marauder  
  85  5:48  Supply Depot  
  85  5:49  Medivac  
  89  5:54  Viking  
  89  5:55  SCV  
  90  5:58  SCV  
  90  6:03  Marauder  
  93  6:05  Supply Depot  
  93  6:06  Marine  
  94  6:12  Siege Tank  
  94  6:15  Marine  
  99  6:19  Marauder  
  99  6:22  Medivac, Supply Depot  
  101  6:28  Marine  
  101  6:29  Marauder  
  101  6:31  Medivac  
  106  6:36  Marine  
  106  6:41  Marauder  
  108  6:48  Supply Depot  
  108  6:50  Command Center  
  108  6:54  Marine  
  107  6:56  Medivac  
  109  7:01  Marine  
  109  7:02  Marauder, Marine  
  109  7:07  Barracks x2  
  110  7:10  Supply Depot  
  110  7:14  Siege Tank  
  110  7:15  SCV x2  
  114  7:20  Marauder  
  114  7:21  Supply Depot  
  119  7:26  Marine x2  

Tags
 
Add a new tag
Caveats
  • Supply blocks, unpowered buildings, or Contaminate may cause inaccurate times.
  • Supply counts are checked every 10 seconds.